 Dungeon Crawl Stone Soup version 0.29.0-4-gdea44cf6ec (webtiles) character file.

Game seed: 12282274786806204244

75 qw the Chopper (level 4, 0/26 HPs)
             Began as a Tengu Warper on Aug 28, 2022.
             Succumbed to an adder's poison
             ... on level 2 of the Dungeon.
             The game lasted 00:00:09 (1717 turns).

qw the Chopper (Tengu Warper)                       Turns: 1717, Time: 00:00:09

Health: 0/26       AC:  3    Str: 13    XL:     4   Next: 31%
Magic:  8/8        EV: 12    Int: 14    God:
Gold:   106        SH:  0    Dex: 13    Spells: 7/7 levels left

rFire   . . .      SeeInvis .   Y - +0 hand axe
rCold   . . .      Faith    .   (no shield)
rNeg    . . .      Spirit   .   b - +0 leather armour
rPois   .          Reflect  .   (helmet restricted)
rElec   .          Harm     .   (no cloak)
rCorr   .          Rampage  .   (no gloves)
Will    .....                   (boots unavailable)
Stlth   +.........              (no amulet)
HPRegen 0.08/turn               (no ring)
MPRegen 0.11/turn               (no ring)

@: lethally poisoned (0 -> -2)
A: beak, talons 3
a: no special abilities


You were on level 2 of the Dungeon.
You visited 1 branch of the dungeon, and saw 2 of its levels.

You collected 106 gold pieces.


Innate Abilities, Weirdness & Mutations

You have a beak for a mouth.
You have claws for feet.


   Skills:
 - Level 2.0 Fighting
 + Level 4.9 Axes
 - Level 1.0 Throwing
 - Level 1.1 Armour
 - Level 2.1 Dodging
 - Level 2.0 Spellcasting
 - Level 2.4 Translocations


You had 7 spell levels left.
You didn't know any spells.
Your spell library contained the following spells:

 Spells                   Type           Power      Damage    Failure   Level
 Blink                    Tloc           16%        N/A       17%         2
 Gell's Gravitas          Tloc           8%         N/A       34%         3
 Lesser Beckoning         Tloc           8%         N/A       34%         3
 Teleport Other           Tloc           8%         N/A       34%         3
 Manifold Assault         Tloc           8%         N/A       97%         5

Inventory:

Hand Weapons
 g - a +0 whip
 Y - a +0 hand axe (weapon)
Armour
 b - a +0 leather armour (worn)
 h - a scarf of resistance
 i - a +0 crystal plate armour
Scrolls
 c - a scroll of summoning {unknown}
 e - a scroll of identify
Potions
 a - a potion of curing {unknown}
 d - a potion of cancellation {unknown}
 f - a potion of might

Dungeon Overview and Level Annotations

Branches:
Dungeon (2/15)

Altars:

Shops:
D:2 (


Message History

The adder poisons you!
You hit the adder.
You kill the adder!
You feel sick. The adder bites you.
You are more poisoned.
The adder poisons you!
You hit the adder. You peck the adder.
The adder is heavily wounded.
You feel very sick. The adder barely misses you.
You hit the adder. Your kick misses the adder.
The adder is almost dead.
You feel sick. The adder closely misses you. The adder barely misses you.
You barely miss the adder. Your kick misses the adder.
Your peck misses the adder.
The adder is almost dead.
You feel sick. The adder closely misses you.
You hit the adder. Your kick misses the adder. Your peck misses the adder.
The adder is almost dead.
You feel sick. The adder completely misses you. The adder closely misses you.
You hit the adder but do no damage.
The adder is almost dead.
You feel sick. The adder bites you.
You are lethally poisoned!
The adder poisons you!
You hit the adder.
You kill the adder!
You feel very sick.
There is a lethal amount of poison in your body!
You feel sick.
There is a lethal amount of poison in your body!
You feel sick.
There is a lethal amount of poison in your body!
You feel sick.
There is a lethal amount of poison in your body!
You feel sick.
There is a lethal amount of poison in your body!
You feel sick.
There is a lethal amount of poison in your body!
You die...

...... #..#. #.##.#
#..) #.##.# #... #.
#.##.## #..
....###.##... #..
>............
#.##########.#....
#.##..............
#@##.###....#...#.
#.##.###.##.#<....
###.##...#....#[####
#...####.####.......
#.###....####.#.####
#.# #.###.......# ##
#.###.# #.....### #.
#.....# #.....# #~
####### #.....# #~


There were no monsters in sight!

Vanquished Creatures
  Robin (D:2)
  2 adders (D:2)
  A worm (D:2)
  3 endoplasms
  A giant cockroach (D:1)
  10 goblins (D:1)
  4 hobgoblins
  4 ball pythons
  3 frilled lizards (D:1)
  11 kobolds
  2 rats (D:1)
42 creatures vanquished.

Vanquished Creatures (others)
  4 toadstools (D:1)
4 creatures vanquished.

Grand Total: 46 creatures vanquished

Notes
Turn   | Place    | Note
-------+----------+-------------------------------------------
     0 | D:1      | qw the Tengu Warper began the quest for the Orb.
     0 | D:1      | Reached XP level 1. HP: 12/12 MP: 4/4
     0 | D:1      | 0 ||| qw: Version: 0.1-a-89-g26bdef1
     0 | D:1      | 0 ||| qw: Game counter: 721
     0 | D:1      | 0 ||| qw: Always use a shield: true
     0 | D:1      | 0 ||| qw: God list: Okawaru
     0 | D:1      | 0 ||| qw: Allow faded altars: false
     0 | D:1      | 0 ||| qw: Do Orc after D:15 true
     0 | D:1      | 0 ||| qw: Do second Lair branch before Depths: true
     0 | D:1      | 0 ||| qw: Lair rune preference: random
     0 | D:1      | 0 ||| qw: Plans: Normal
     0 | D:1      | 0 ||| PLANNING D:1-11
   118 | D:1      | 118 ||| Stepping ~*~*~tactically~*~*~ (stealth).
   157 | D:1      | Reached XP level 2. HP: 17/17 MP: 6/6
   294 | D:1      | Reached skill level 3 in Axes
   707 | D:1      | 707 ||| READING scroll labelled BEMAUG ISYZIU.
   842 | D:1      | 842 ||| READING 3 scrolls labelled YBIC OBUVOMOAF.
   843 | D:1      | 843 ||| READING 2 scrolls of identify.
   843 | D:1      | 843 ||| IDENTIFYING murky yellow potion
   844 | D:1      | 844 ||| DROPPING scroll of blinking.
   879 | D:2      | 879 ||| STAIRDANCE
   923 | D:2      | 923 ||| STAIRDANCE
   981 | D:2      | 981 ||| STAIRDANCE
   985 | D:1      | Reached XP level 3. HP: 15/21 MP: 7/7
  1111 | D:2      | 1111 ||| STAIRDANCE
  1195 | D:2      | Noticed Robin
  1196 | D:2      | 1196 ||| STAIRDANCE
  1201 | D:1      | Reached skill level 4 in Axes
  1252 | D:2      | 1252 ||| STAIRDANCE
  1366 | D:2      | Killed Robin
  1368 | D:2      | 1368 ||| STAIRDANCE
  1478 | D:2      | Found Ytush's Antique Weapon Emporium.
  1498 | D:2      | 1498 ||| SHOPLISTING glowing whip (159 gold, have 75).
  1499 | D:2      | 1499 ||| Stepping ~*~*~tactically~*~*~ (stealth).
  1501 | D:2      | 1501 ||| Stepping ~*~*~tactically~*~*~ (stealth).
  1505 | D:2      | 1505 ||| Stepping ~*~*~tactically~*~*~ (stealth).
  1509 | D:2      | 1509 ||| Stepping ~*~*~tactically~*~*~ (stealth).
  1600 | D:2      | Reached XP level 4. HP: 25/26 MP: 8/8
  1711 | D:2      | HP: 6/26 [poisoned by an adder]
  1715 | D:2      | HP: 2/26 [poisoned by an adder]
  1717 | D:2      | Succumbed to an adder's poison

Levels and vault maps discovered:
D:1:      ldierk_walled_garden_2, layout_loops_ring, chequers_garden
D:2:      minmay_kobold_bridge, layout_basic, serial_shops, shop,
          nicolae_shop_advertising_works [nicolae_subvault_shop_adworks], shop,
          ebering_ecumenical_altar_webs, uniq_crazy_yiuf_cottage, uniq_robin

Skill      XL: |  1  2  3 |
---------------+----------+-----
Axes           | 3 4 |  4.9
Fighting       | |  2.0
Throwing       | |  1.0
Armour         | |  1.1
Dodging        | |  2.1
Spellcasting   | |  2.0
Translocations | |  2.4

Action                   |  1- 3 |  4- 6 || total
-------------------------+-------+-------++-------
Melee: Hand axe          |    74 |    10 ||    84
       Peck              |    13 |     1 ||    14
       Kick              |    13 |       ||    13
Throw: Boomerang         |     7 |       ||     7
  Use: Scroll            |     3 |       ||     3
Armor: Leather armour    |    19 |     3 ||    22
Dodge: Dodged            |    58 |     7 ||    65

Table legend:
 A = Non-vault XP
 B = Vault XP
 C = Vault XP percentage of total XP
 D = Non-vault monster count
 E = Vault monster count
 F = Vault count percentage of total count
                 A         B        C        D         E       F
            +---------+---------+-------+---------+---------+-------
      Total |      65 |      43 |  39.8 |      25 |      17 |  40.5
            +---------+---------+-------+---------+---------+-------
        D:1 |      28 |      22 |  44.0 |      19 |      11 |  36.7
        D:2 |      37 |      21 |  36.2 |       6 |       6 |  50.0
            +---------+---------+-------+---------+---------+-------
